Map: Lerilak Crest

Players

Digiimortal

  • Race: Terran Terran
  • League: Gold

JamZ - Winner!

  • Race: Protoss Protoss

VOD

Have the link to the VOD?

Description

Time

  • Played on: Feb. 12, 2016, 11:27 a.m.
  • Length: 14:17
Show
View Real Time Build Order
Export as new Build Order

Digiimortal Terran 

Build Orders: MMM Bio 

Get SALT Encoding   

  12  0:01  SCV  
  13  0:16  Supply Depot  
  13  0:18  SCV  
  14  0:30  SCV  
  15  0:39  Barracks  
  15  0:42  SCV  
  16  0:55  SCV  
  17  1:11  SCV  
  18  1:17  Command Center  
  18  1:26  Orbital Command  
  18  1:30  Marine  
  19  1:51  Barracks  
  19  1:52  Barracks  
  19  1:54  Marine  
  19  1:57  SCV  
  21  2:11  SCV  
  21  2:14  Marine  
  21  2:15  Refinery  
  23  2:20  Bunker  
  23  2:21  Refinery  
  23  2:28  SCV  
  24  2:30  Orbital Command  
  24  2:41  SCV  
  24  2:42  Marine  
  26  2:44  Marine  
  26  2:48  Marine  
  28  3:00  Bunker, SCV x2  
  28  3:02  Barracks Tech Lab  
  30  3:06  Marine, Barracks Tech Lab  
  30  3:12  SCV  
  31  3:24  Supply Depot  
  31  3:28  SCV x2  
  31  3:30  Stimpack, Marine  
  31  3:31  Marine  
  35  3:37  Factory  
  35  3:41  SCV  
  36  3:45  Supply Depot  
  36  3:47  SCV  
  37  3:50  Marauder  
  39  3:56  Barracks Reactor  
  39  3:58  Marauder  
  39  3:59  SCV  
  42  4:03  Supply Depot  
  42  4:06  SCV  
  43  4:15  SCV  
  46  4:17  Marauder, Supply Depot  
  46  4:19  SCV  
  46  4:23  Engineering Bay  
  47  4:25  Starport  
  48  4:31  SCV  
  48  4:32  Factory Reactor  
  48  4:34  Marine x2  
  48  4:35  Marine  
  48  4:37  SCV  
  52  4:41  Marauder  
  54  4:50  Terran Infantry Weapons Level 1  
  54  4:52  SCV  
  55  4:53  Supply Depot  
  55  4:56  SCV  
  55  4:58  Missile Turret  
  56  5:01  Missile Turret  
  56  5:07  Marine x2  
  56  5:08  Marine x2  
  56  5:12  SCV  
  56  5:13  SCV  
  62  5:22  Factory Reactor  
  62  5:23  Medivac  
  62  5:27  Marine  
  65  5:34  Medivac  
  65  5:35  Marine  
  68  5:43  Supply Depot, SCV x2  
  70  5:50  Command Center  
  70  5:55  SCV  
  70  5:56  Marine  
  70  5:57  Marine  
  72  5:58  Marauder x2  
  72  6:03  Barracks  
  72  6:04  Widow Mine  
  77  6:05  Barracks  
  77  6:08  Supply Depot, SCV  
  80  6:14  Concussive Shells  
  80  6:17  SCV  
  81  6:19  Refinery  
  81  6:20  SCV  
  81  6:21  Refinery  
  81  6:24  Marauder x2  
  86  6:36  Medivac  
  86  6:37  Marine x2  
  90  6:45  Engineering Bay  
  90  6:50  SCV x2  
  92  6:55  Marine  
  93  7:02  SCV  
  72  7:23  Marine x2  
  72  7:24  Marauder x2, Viking x2, Widow Mine x2  
  72  7:26  Terran Infantry Armor Level 1  
  72  7:27  Orbital Command  
  72  7:29  SCV x2  
  89  7:33  Armory  
  89  7:35  Barracks Tech Lab  
  88  7:41  SCV  
  89  7:45  Marauder  
  91  7:53  SCV x3  
  94  7:59  Viking x2  
  94  8:05  SCV x3  
  101  8:07  Barracks Tech Lab  
  101  8:09  Combat Shields  
  101  8:10  Marine x5, Command Center  
  106  8:15  Supply Depot  
  106  8:17  Supply Depot, SCV  
  107  8:20  Supply Depot  
  107  8:24  Supply Depot  
  107  8:27  SCV x2  
  107  8:28  Marine x3  
  107  8:29  Marine, SCV  
  107  8:30  Marauder x2  
  118  8:46  Marauder  
  118  8:59  Marauder, Marine x3  
  118  9:00  Marauder, Viking x2, Widow Mine  
  131  9:03  SCV x2  
  131  9:06  Refinery  
  131  9:07  Refinery, Supply Depot  
  131  9:08  Marauder  
  135  9:17  Marauder, Marine  
  129  9:21  SCV x2  
  129  9:22  Marine x2  
  129  9:23  Terran Infantry Armor Level 2, Terran Infantry Weapons Level 2  
  136  9:25  SCV  
  136  9:31  Marine  
  138  9:32  Viking  
  138  9:33  SCV x2  
  142  9:42  Marine x2  
  142  9:45  Barracks  
  144  9:46  Medivac  
  144  9:48  Refinery  
  146  9:53  Barracks  
  146  9:55  Refinery  
  116  10:18  Marine x3  
  116  10:19  Marauder x3, Viking x2  
  129  10:31  SCV  
  129  10:33  Widow Mine x2  
  129  10:34  Barracks Tech Lab  
  134  10:36  Marine x3  
  134  10:38  Ghost Academy  
  134  10:39  Orbital Command  
  137  10:44  Marauder x2  
  137  10:45  Marauder  
  143  10:50  SCV x2  
  143  10:51  Medivac  
  143  10:52  Medivac  
  143  10:53  SCV  
  143  10:55  Marauder, Barracks Tech Lab  
  143  10:56  Starport  
  152  11:01  Widow Mine  
  152  11:02  SCV  
  152  11:03  Terran Vehicle Weapons Level 1, SCV  
  156  11:06  Marauder  
  158  11:12  SCV x2  
  158  11:13  Marine x3  
  158  11:14  Marauder  
  158  11:17  Marauder x2, Marine  
  170  11:18  SCV x2  
  170  11:21  Medivac  
  174  11:27  Marauder, Supply Depot  
  174  11:31  Personal Cloaking, Marine, Ghost  
  179  11:34  Ghost x2  
  179  11:38  Ghost  
  185  11:43  Marauder, Starport Reactor  
  185  11:44  Starport  
  187  11:50  Marauder  
  187  11:52  SCV  
  190  11:56  Viking x2  
  190  11:58  SCV x2  
  190  12:00  Marauder  
  198  12:06  Ghost  
  198  12:20  Command Center  
  198  12:25  Marauder  
  200  12:45  Missile Turret  
  200  12:46  Missile Turret  
  200  12:48  Missile Turret  
  200  12:50  Missile Turret  
  200  13:09  Missile Turret  
  200  13:10  Missile Turret  
  200  13:12  Missile Turret  
  131  13:35  Marine x2  
  131  13:36  Marauder x3  
  131  13:37  Marine x2  
  131  13:41  Marine  
  98  13:51  SCV  
  98  13:53  Marine x2  
  108  13:55  Marauder  
  108  13:56  Marauder  
  108  13:58  Marine  
Show
View Real Time Build Order
Export as new Build Order

JamZ Protoss - Winner!

Build Orders: 1 Gate Expand, Double Forge, Colossus Rush 

Get SALT Encoding   

  12  0:01  Probe (Chrono Boost)  
  13  0:12  Probe (Chrono Boost)  
  14  0:17  Pylon  
  14  0:24  Probe (Chrono Boost)  
  15  0:36  Gateway  
  15  0:38  Probe (Chrono Boost)  
  16  0:49  Probe (Chrono Boost)  
  17  0:57  Assimilator  
  17  0:59  Probe (Chrono Boost)  
  18  1:10  Probe (Chrono Boost)  
  19  1:28  Nexus  
  19  1:33  Cybernetics Core  
  19  1:37  Probe (Chrono Boost)  
  20  1:43  Assimilator  
  20  1:55  Pylon  
  20  1:58  Probe (Chrono Boost)  
  21  2:11  Mothership Core (Chrono Boost)  
  21  2:14  Adept  
  25  2:17  Warp Gate  
  26  2:30  Probe (Chrono Boost)  
  26  2:38  Pylon  
  26  2:48  Probe x2 (Chrono Boost)  
  28  2:54  Robotics Facility  
  30  2:58  Probe x2 (Chrono Boost)  
  30  3:09  Probe x2 (Chrono Boost)  
  32  3:19  Probe x2 (Chrono Boost)  
  34  3:30  Probe x2 (Chrono Boost)  
  36  3:39  Probe (Chrono Boost)  
  36  3:40  Probe (Chrono Boost), Gateway x2  
  38  3:41  Observer (Chrono Boost)  
  39  3:52  Probe  
  39  3:54  Probe  
  41  4:00  Pylon  
  41  4:01  Observer (Chrono Boost)  
  41  4:02  Assimilator  
  42  4:06  Probe, Assimilator  
  43  4:11  Forge  
  43  4:12  Probe  
  43  4:14  Forge  
  44  4:18  Probe  
  46  4:24  Observer (Chrono Boost)  
  46  4:25  Probe  
  46  4:30  Probe  
  48  4:33  Robotics Bay  
  48  4:35  Probe  
  49  4:42  Probe  
  50  4:46  Probe  
  50  4:50  Protoss Ground Weapons Level 1  
  50  4:52  Protoss Ground Armor Level 1, Nexus  
  51  4:58  Pylon  
  51  5:04  Stalker  
  51  5:05  Stalker  
  55  5:10  Stalker  
  57  5:20  Colossus (Chrono Boost)  
  62  5:26  Extended Thermal Lance  
  62  5:37  Probe  
  62  5:38  Probe  
  62  5:42  Pylon  
  64  5:50  Probe  
  65  5:57  Zealot  
  65  5:58  Zealot  
  65  6:00  Pylon  
  65  6:02  Pylon  
  69  6:04  Pylon  
  69  6:06  Pylon, Gateway  
  69  6:10  Gateway  
  69  6:16  Colossus (Chrono Boost)  
  75  6:20  Probe  
  75  6:21  Probe  
  75  6:24  Pylon  
  77  6:25  Sentry x2  
  77  6:28  Zealot  
  83  6:39  Twilight Council  
  83  6:44  Probe x2  
  83  6:45  Probe  
  86  6:49  Assimilator  
  86  6:52  Zealot x2  
  86  6:53  Assimilator  
  90  6:54  Probe  
  90  6:55  Probe, Sentry  
  90  6:57  Probe  
  85  7:17  Stalker x3  
  85  7:21  Protoss Ground Armor Level 2, Protoss Ground Weapons Level 2  
  91  7:23  Probe x2  
  91  7:24  Probe  
  91  7:28  Zealot  
  91  7:29  Sentry  
  96  7:33  Probe x2  
  96  7:36  Probe  
  99  7:43  Charge  
  99  7:44  Probe x2  
  99  7:48  Probe  
  102  7:54  Probe  
  103  8:01  Colossus (Chrono Boost)  
  103  8:04  Stalker  
  111  8:11  Templar Archives  
  111  8:16  Nexus  
  111  8:20  Assimilator  
  111  8:22  Zealot x3  
  111  8:24  Assimilator  
  117  8:27  Pylon  
  117  8:28  Pylon  
  117  8:29  Pylon  
  117  8:32  Pylon  
  117  8:34  Pylon  
  117  8:35  Gateway  
  117  8:36  Gateway  
  117  8:45  Psionic Storm  
  117  8:48  Stalker x2  
  113  8:49  Stalker x2  
  119  8:56  Stalker  
  121  9:18  Stalker x4  
  121  9:24  Colossus (Chrono Boost)  
  135  9:35  Zealot  
  137  9:41  Blink  
  137  9:45  Gateway  
  137  9:47  Gateway  
  133  10:00  High Templar  
  133  10:01  High Templar x3  
  137  10:13  Stalker  
  137  10:14  Stalker x2  
  133  10:21  Colossus (Chrono Boost)  
  133  10:30  Gateway  
  133  10:32  Protoss Ground Weapons Level 3 (Chrono Boost), Gateway  
  133  10:36  Protoss Ground Armor Level 3 (Chrono Boost)  
  133  10:42  Probe x3  
  133  10:43  Probe  
  137  10:52  High Templar x2  
  137  10:53  Probe x2  
  137  10:55  Probe, Archon  
  144  10:58  Zealot x2  
  148  11:17  Zealot x3  
  152  11:26  Probe x3  
  152  11:27  Probe  
  156  11:36  Pylon, Probe  
  156  11:37  Probe  
  156  11:38  Pylon  
  156  11:39  Pylon, Probe  
  159  11:44  High Templar  
  159  11:45  High Templar  
  159  11:46  Zealot x3  
  169  11:49  Warp Prism  
  170  11:58  High Templar  
  170  11:59  High Templar x5  
  182  12:02  Archon  
  182  12:03  Archon  
  182  12:04  Archon  
  181  12:25  Warp Prism  
  181  12:26  Pylon  
  181  12:28  Pylon  
  183  12:31  Zealot x6  
  194  12:57  Nexus  
  194  13:00  Assimilator  
  194  13:02  Zealot  
  194  13:03  Zealot x2  
  194  13:04  Assimilator  
  200  13:06  Pylon  
  200  13:08  Pylon  
  122  13:49  Stalker x2  
  122  13:50  Stalker x2  
  122  13:51  Stalker x4  
  122  13:52  Stalker x3  
Tags
 
Add a new tag
Caveats
  • Supply blocks, unpowered buildings, or Contaminate may cause inaccurate times.
  • Supply counts are checked every 10 seconds.